 Dungeon Crawl Stone Soup version 0.19.0-2-gae57169 (webtiles) character file.

473547 nikopol the Phalangite (level 23, -8/322 HPs)
             Began as a Minotaur Berserker on Nov 5, 2016.
             Was the Champion of Trog.
             Killed from afar by a golden dragon (10 damage)
             ... with a bolt of cold
             ... on level 5 of the Vaults on Nov 6, 2016.
             The game lasted 04:07:22 (53799 turns).

nikopol the Phalangite (Minotaur Berserker)        Turns: 53799, Time: 04:07:23

Health: -8/322     AC: 35    Str: 35    XL:     23   Next: 58%
Magic:  22/22      EV: 26    Int:  4    God:    Trog [******]
Gold:   4346       SH:  0    Dex: 20    Spells: 0 memorised, 22 levels left

rFire  . . .     SeeInvis +     a - +9 glaive (protect)
rCold  . . .     Gourm    .     p - +4 chain mail of the Beggar {MR++ Dex+2 SInv}
rNeg   . . .     Faith    .     (shield currently unavailable)
rPois  +         Spirit   .     (helmet restricted)
rElec  .         Reflect  .     g - +1 cloak
rCorr  .         Harm     .     X - +1 pair of gloves
MR     +++..                    d - +2 pair of boots {Fly}
Stlth  ..........               i - amulet of regeneration
                                k - ring of poison resistance
                                B - +6 ring of strength

@: berserking, protection aura, flying, very quick
A: retaliatory headbutt, horns 2, repulsion field 1
a: Berserk, Trog's Hand, Brothers in Arms, Burn Spellbooks, Renounce Religion,
Stop Flying
}: 2/15 runes: serpentine, barnacled


You were on level 5 of the Vaults.
You worshipped Trog.
Trog was exalted by your worship.
You were near starving.

You visited 7 branches of the dungeon, and saw 39 of its levels.
You visited 1 bazaar.
You also visited: Labyrinth, Bailey and Ice Cave.

You collected 5190 gold pieces.
You spent 844 gold pieces at shops.

Inventory:

Hand Weapons
 a - a +9 glaive of protection (weapon)
 z - the +5 shortbow of Kiefaaq {flame, rN+ Dex+4}
   (You bought it in a shop on level 15 of the Dungeon)

   It causes projectiles fired from it to burn those they strike, causing extra
   injury to most foes and up to half again as much damage against particularly
   susceptible opponents.
   It affects your dexterity (+4).
   It protects you from negative energy.
 U - a +4 longbow of freezing
Missiles
 o - 1622 arrows (quivered)
Armour
 d - a +2 pair of boots of flying (worn)
 g - a +1 cloak (worn)
 p - the +4 chain mail of the Beggar (worn) {MR++ Dex+2 SInv}
   (You bought it in a shop on level 2 of the Orcish Mines)

   It affects your dexterity (+2).
   It affects your resistance to hostile enchantments.
   It lets you see invisible.
 W - the +2 cloak "Wyraruun" {-Tele *Slow +Fly rPois Str+4}
   (You found it on level 1 of the Shoals)

   It affects your strength (+4).
   It protects you from poison.
   It lets you fly.
   It prevents most forms of teleportation.
   It may slow you when you take damage.
 X - a +1 pair of gloves (worn)
Jewellery
 h - an uncursed ring of protection from fire
 i - an amulet of regeneration (around neck)
 k - a ring of poison resistance (right hand)
 w - an uncursed ring of protection from magic
 B - a +6 ring of strength (left hand)
 Y - an uncursed ring of positive energy
 Z - an uncursed ring of resist corrosion
Wands
 K - a wand of disintegration (22/24)
 T - a wand of digging (11/24)
Scrolls
 j - 4 scrolls of enchant weapon
 l - 4 scrolls of magic mapping
 q - 16 scrolls of identify
 s - 3 scrolls of summoning
 y - a scroll of holy word {unknown}
 E - 5 scrolls of fear
 G - 8 scrolls of teleportation
 H - 9 scrolls of enchant armour
 L - 2 scrolls of fog
 M - 24 scrolls of remove curse
 N - 3 scrolls of blinking
 O - 7 scrolls of recharging
Potions
 b - 3 potions of berserk rage
 e - 3 potions of brilliance
 f - 5 potions of ambrosia
 m - 11 potions of agility
 n - 3 potions of cure mutation
 t - 6 potions of magic
 u - 2 potions of resistance
 v - 13 potions of heal wounds
 A - 5 potions of haste
 C - a potion of cancellation
 D - 10 potions of might
 J - a potion of beneficial mutation
 R - 15 potions of curing
 V - 2 potions of invisibility
Comestibles
 c - 13 bread rations
 r - 28 fruits
 x - 17 royal jellies
 I - a slice of pizza
 P - 28 meat rations
 Q - 9 beef jerkies


   Skills:
 + Level 20.0 Fighting
 * Level 25.4 Polearms
 + Level 19.9 Bows
 + Level 19.9 Armour
 + Level 18.4 Dodging


You had 22 spell levels left.
You didn't know any spells.

Dungeon Overview and Level Annotations

Branches:
Dungeon (15/15)            Temple (0/1) D:7            Lair (6/6) D:10
 Shoals (4/4) Lair:3        Snake (4/4) Lair:3        Slime (0/5) Lair:5
    Orc (2/2) D:11            Elf (3/3) Orc:2        Vaults (5/5) D:13
  Crypt (0/3) Vaults:3     Depths (0/5) D:15

Altars:
Ashenzari
Dithmenos
Elyvilon
Fedhas
Gozag
Hepliaklqana
Makhleb
Okawaru
Qazlal
Sif Muna
Vehumet
Xom
The Shining One
Beogh

Shops:
D:15 =(*   Orc:1 ?}}??   Orc:2 :[==   Elf:2 *   Shoals:4 ((   Snake:2 ([*=
Snake:3 *   Vaults:1 =   Vaults:3 %   Vaults:4 =

Portals:
Trove: Elf:1 (give +8 demon whip)

Annotations:
Lair:4 Sonja


Innate Abilities, Weirdness & Mutations

You reflexively headbutt those who attack you in melee.
You have a pair of horns on your head.
You are surrounded by a mild repulsion field. (EV +2)


Message History

The ironbrand convoker is moderately wounded.
The glaive of freezing closely misses you.
You slice the ironbrand convoker like a ripe choko!!!
You kill the ironbrand convoker!
Trog accepts your kill.
Trog appreciates your killing of a magic user.
Your Fighting skill increases to level 20!
The golden dragon bites you!
* * * LOW HITPOINT WARNING * * *
The golden dragon misses you. The golden dragon closely misses you.
The deep elf archer blinks!
You slash the golden dragon! You headbutt the golden dragon.
The golden dragon is almost dead.
The glaive of freezing completely misses you.
You hit the golden dragon but do no damage.
Your headbutt misses the golden dragon.
The golden dragon is almost dead.
The golden dragon breathes cold at you. The bolt of cold hits you!
You die...

########################
#.(.)())................
#.ยง)))D@)...............
#..)(###################
#..).(.C####.....#
#..#..p..D........
#..#...p..(......[
#..##.o...........
#..##.............
#..##............
#..##........#


You could see a golden dragon and a glaive of freezing.

Vanquished Creatures
  Bai Suzhen (Snake:4)
  2 tentacled monstrosities (Vaults:5)
  2 titans
  Rupert (Lair:4)
  2 deep elf blademasters
  3 deep elf master archers (Elf:3)
  Frances (D:12)
  A sphinx (Vaults:3)
  An ancient champion (Vaults:3)
  A shadow dragon (Vaults:5)
  Ilsuiw (Shoals:4)
  Roxanne (Snake:4)
  2 storm dragons (Vaults:4)
  2 tengu reavers
  A fire giant (Vaults:3)
  13 nagarajas
  5 frost giants
  11 vault wardens
  Louise (Snake:4)
  5 deep elf sorcerers
  4 deep elf elementalists (Elf:3)
  4 very ugly things
  24 ironheart preservers
  11 stone giants
  6 deep elf demonologists
  8 deep elf annihilators
  A dire elephant (Lair:6)
  2 blizzard demons (IceCv)
  Snorg (D:11)
  6 ettins
  8 deep elf death magi (Elf:3)
  5 merfolk javelineers
  2 fire dragons
  A minotaur (Lab)
  12 merfolk impalers
  7 deep elf high priests (Elf:3)
  7 yaktaur captains
  Erolcha (D:12)
  3 rakshasas
  6 ice dragons
  14 anacondas
  8 hydras
  3 catoblepae
  15 naga warriors
  13 vault guards
  3 alligator snapping turtles
  7 centaur warriors
  A satyr (Shoals:4)
  5 merfolk aquamancers
  21 dancing weapons
  13 ogre magi
  3 merfolk avatars
  A death knight (Vaults:3)
  6 death yaks (Lair:6)
  2 deep troll earth magi
  2 deep troll shamans
  3 tengu warriors
  20 naga sharpshooters
  Urug (Lair:2)
  3 orc high priests (Orc:2)
  A vampire mage (Vaults:3)
  Nergalle (D:11)
  35 deep elf knights
  7 shock serpents
  8 skeletal warriors
  2 shadow wraiths (Vaults:2)
  2 unseen horrors
  4 salamander mystics
  20 sea snakes
  12 deep trolls
  A flayed ghost (Vaults:3)
  10 naga ritualists
  23 deep elf archers
  A glowing orange brain (Vaults:2)
  21 orc knights
  21 ironbrand convokers
  A phantasmal warrior (Vaults:5)
  11 hill giants
  7 wizards
  2 necromancers
  19 harpies
  Pikel (D:6)
  90 deep elf magi
  11 mana vipers
  11 orc sorcerers
  21 cyclopes
  A salamander (shapeshifter) (Vaults:2)
  19 ugly things
  18 manticores
  3 fauns (Shoals:1)
  3 wolf spiders
  8 guardian serpents
  12 salamanders
  A moth of wrath (shapeshifter) (Vaults:3)
  7 sirens
  3 ice statues (IceCv)
  19 vault sentinels
  9 water nymphs
  18 naga magi
  15 elephants
  29 black mambas
  A storm dragon simulacrum (Vaults:1)
  13 spiny frogs
  A kobold demonologist (D:11)
  2 rime drakes (Lair:6)
  5 komodo dragons
  13 ice devils (IceCv)
  33 yaktaurs
  6 freezing wraiths
  2 tengu conjurers (D:15)
  2 anaconda simulacra (IceCv)
  2 golden dragon simulacra (IceCv)
  A queen bee (Lair:2)
  5 trolls
  44 merfolk
  9 wind drakes
  2 polar bears
  Grinder (D:3)
  25 two-headed ogres
  A hornet (shapeshifter) (Elf:3)
  Prince Ribbit (D:6)
  A wind drake (shapeshifter) (Vaults:2)
  A jumping spider (shapeshifter) (Vaults:4)
  A two-headed ogre (shapeshifter) (Vaults:3)
  5 hornets
  15 slime creatures
  18 snapping turtles
  25 blink frogs
  14 dream sheep
  19 hippogriffs
  2 wraiths
  Sigmund (D:6)
  2 air elementals (Elf:1)
  22 water elementals
  4 wyverns
  A vampire (D:14)
  2 shadows
  A tarantella (shapeshifter) (Vaults:4)
  36 yaks
  6 basilisks
  Eustachio (D:6)
  A steam dragon (shapeshifter) (Elf:3)
  5 fire elementals
  21 humans (D:13)
  A steam dragon (D:11)
  A yaktaur simulacrum (Vaults:2)
  Grum (D:11)
  Edmund (D:4)
  4 mottled dragons
  2 iron troll simulacra (IceCv)
  2 soldier ants (D:14)
  4 wargs
  A harpy simulacrum (IceCv)
  50 nagas
  15 water moccasins
  Duvessa (D:5)
  8 porcupines
  A floating eye (shapeshifter) (Vaults:2)
  3 black bears
  45 orc warriors
  A slave (D:6)
  2 ice beasts
  4 sky beasts
  An eye of draining (shapeshifter) (Vaults:1)
  2 eyes of draining
  An ogre (shapeshifter) (Vaults:4)
  3 ettin simulacra (IceCv)
  37 ogres
  4 phantoms
  12 centaurs
  25 wolves
  4 boggarts (Vaults:1)
  12 crocodiles
  5 big kobolds
  A gnoll sergeant (D:8)
  21 bullfrogs
  2 glowing shapeshifter simulacra
  2 human simulacra
  2 earth elementals
  Dowan (D:5)
  A scorpion (D:11)
  33 killer bees
  3 wights (D:14)
  6 howler monkeys
  6 crimson imps
  2 electric eels
  2 lava snakes (Elf:2)
  2 bullfrog zombies
  6 hounds
  2 centaur zombies (D:7)
  A bullfrog skeleton (D:12)
  18 orc priests
  3 jellies
  19 orc wizards
  Crazy Yiuf (D:7)
  6 centaur skeletons
  Natasha (thrice) (D:2)
  3 iguanas
  12 worker ants
  A hell rat (D:10)
  3 gnolls (D:8)
  A worker ant zombie (D:5)
  4 adders
  A river rat (D:10)
  3 shadow imps
  2 oozes (D:5)
  An adder skeleton (D:7)
  4 worms
  A dart slug (D:1)
  5 leopard geckos
  97 orcs
  4 bats
  4 giant cockroaches
  4 goblins
  7 hobgoblins
  3 jackals
  3 quokkas (D:3)
  5 frilled lizards
  14 kobolds
  A leopard gecko zombie (D:7)
  5 rats
  4 crawling corpses (Elf:3)
  10 fungi
  25 plants
1824 creatures vanquished.

Vanquished Creatures (collateral kills)
  A frost giant (Shoals:1)
  2 vault wardens
  3 very ugly things (Vaults:2)
  The ghost of nikopol the Cleaver, a journeyman HOBe of Trog (D:11)
  A hydra (Lair:2)
  2 vault guards
  A naga warrior (Snake:4)
  A shock serpent (Snake:4)
  An ironbrand convoker (Vaults:2)
  An orc knight (Vaults:2)
  3 cyclopes (Shoals:1)
  A siren (Shoals:1)
  A dream sheep (Shoals:1)
  A slime creature (Vaults:2)
  A steam dragon (D:11)
  A warg (Vaults:5)
  2 orc warriors
  A crocodile (Lair:2)
  An orc priest (Vaults:5)
  4 orcs
30 creatures vanquished.

Vanquished Creatures (others)
  A deep elf sorcerer (Elf:3)
  A naga (Snake:1)
  A slave (D:6)
  A worker ant (D:6)
  An orc (D:6)
  2 jackals (D:6)
  13 fungi
  22 plants
42 creatures vanquished.

Grand Total: 1896 creatures vanquished

Notes
Turn   | Place    | Note
-------+----------+-------------------------------------------
     0 | D:1      | nikopol the Minotaur Berserker began the quest for the Orb.
     0 | D:1      | Reached XP level 1. HP: 19/19 MP: 0/0
   164 | D:1      | Reached XP level 2. HP: 22/27 MP: 1/1
   668 | D:2      | Reached skill level 4 in Polearms
  1329 | D:2      | Noticed Natasha
  1333 | D:2      | Noticed a crimson imp
  1336 | D:2      | Killed Natasha
  1336 | D:2      | Reached XP level 3. HP: 30/33 MP: 2/2
  1544 | D:2      | Noticed an ice beast
  1558 | D:2      | Killed an ice beast
  1558 | D:2      | Reached XP level 4. HP: 29/41 MP: 3/3
  1558 | D:2      | Reached XP level 5. HP: 34/47 MP: 4/4
  1715 | D:2      | Found a shadowy altar of Dithmenos.
  1720 | D:2      | Found a white marble altar of Elyvilon.
  1722 | D:2      | Found a shimmering altar of Xom.
  1767 | D:2      | Noticed Natasha
  1775 | D:2      | Killed Natasha
  1861 | D:2      | Noticed Natasha
  1879 | D:2      | Killed Natasha
  2074 | D:3      | Reached ** piety under Trog
  2092 | D:3      | Noticed Grinder
  2104 | D:3      | Killed Grinder
  2104 | D:3      | Reached skill level 5 in Fighting
  2104 | D:3      | Reached skill level 5 in Polearms
  2104 | D:3      | Reached XP level 6. HP: 27/56 MP: 5/5
  2344 | D:3      | Found a glowing golden altar of the Shining One.
  2750 | D:4      | Found a radiant altar of Vehumet.
  2792 | D:4      | Found a burning altar of Makhleb.
  2993 | D:4      | Found an opulent altar of Gozag.
  3014 | D:4      | Reached skill level 5 in Armour
  3188 | D:4      | Reached XP level 7. HP: 61/61 MP: 6/6
  3271 | D:4      | Noticed Edmund
  3281 | D:4      | Killed Edmund
  3537 | D:5      | Entered Level 5 of the Dungeon
  3642 | D:5      | Reached skill level 6 in Polearms
  3671 | D:5      | Found an iron altar of Okawaru.
  3778 | D:5      | Found a hazy altar of Hepliaklqana.
  3792 | D:5      | HP: 1/62 [acid (11)]
  4002 | D:5      | Reached skill level 5 in Dodging
  4255 | D:5      | Noticed Dowan
  4261 | D:5      | Killed Dowan
  4338 | D:5      | Noticed Duvessa
  4346 | D:5      | Killed Duvessa
  4494 | D:6      | Noticed Sigmund
  4503 | D:6      | Killed Sigmund
  4503 | D:6      | Reached XP level 8. HP: 71/71 MP: 7/7
  4521 | D:6      | Noticed Pikel
  4549 | D:6      | Killed Pikel
  4549 | D:6      | Reached skill level 7 in Polearms
  5291 | D:6      | Noticed Prince Ribbit
  5378 | D:6      | Noticed Eustachio
  5387 | D:6      | Killed Eustachio
  5430 | D:6      | Killed Prince Ribbit
  5704 | D:7      | Reached XP level 9. HP: 72/81 MP: 8/8
  5709 | D:7      | Reached *** piety under Trog
  5736 | D:7      | Reached skill level 8 in Polearms
  5777 | D:7      | Got a jet-encrusted leather armour
  5788 | D:7      | Identified the cursed +1 leather armour "Ydiry" {rC+++ MR- Int-5 Dex+2} (You found it on level 7 of the Dungeon)
  5788 | D:7      | Lost intelligence.
  6170 | D:7      | Found a runed door.
  6445 | D:7      | Found a staircase to the Ecumenical Temple.
  6545 | D:7      | Noticed Crazy Yiuf
  6552 | D:7      | Killed Crazy Yiuf
  6718 | D:8      | Noticed a catoblepas
  6735 | D:8      | Killed a catoblepas
  6735 | D:8      | Reached skill level 9 in Polearms
  6759 | D:8      | Reached XP level 10. HP: 35/91 MP: 9/9
  7171 | D:8      | Reached **** piety under Trog
  7339 | D:8      | Reached skill level 1 in Bows
  7737 | D:9      | Noticed a green ugly thing
  7750 | D:9      | Killed a green ugly thing
  7964 | D:9      | Reached skill level 10 in Polearms
  8171 | D:9      | Reached skill level 10 in Fighting
  8176 | D:9      | Got a jade-encrusted chain mail
  8191 | D:9      | Identified the +6 chain mail "Ikuuho" {Stlth+} (You found it on level 9 of the Dungeon)
  8318 | D:9      | Found a deep blue altar of Sif Muna.
  8451 | D:9      | Found a blossoming altar of Fedhas.
  8493 | D:10     | Entered Level 10 of the Dungeon
  8507 | D:10     | Found a flagged portal.
  8547 | Bailey   | Entered a bailey
  8880 | Bailey   | Noticed an orc knight
  9051 | Bailey   | Noticed an orc knight
  9074 | Bailey   | Killed an orc knight
  9074 | Bailey   | Reached ***** piety under Trog
  9218 | Bailey   | Noticed an orc knight
  9242 | Bailey   | Killed an orc knight
  9277 | Bailey   | Killed an orc knight
  9277 | Bailey   | Reached skill level 5 in Bows
  9277 | Bailey   | Reached XP level 11. HP: 41/101 MP: 6/10
  9537 | Bailey   | Noticed an orc knight
  9550 | Bailey   | Reached skill level 11 in Polearms
  9557 | Bailey   | Killed an orc knight
  9725 | D:10     | Reached skill level 10 in Armour
  9827 | D:10     | Received a gift from Trog
  9884 | D:10     | Found a staircase to the Lair.
  9938 | D:10     | Noticed a hill giant
  9950 | D:10     | Killed a hill giant
 10366 | D:10     | Noticed a hill giant
 10378 | D:10     | Killed a hill giant
 10606 | Lair:1   | Entered Level 1 of the Lair of Beasts
 10697 | Lair:1   | Reached skill level 12 in Polearms
 10779 | Lair:1   | Received a gift from Trog
 10866 | Lair:1   | Noticed an eight-headed hydra
 10871 | Lair:1   | Killed an eight-headed hydra
 11118 | Lair:1   | Reached XP level 12. HP: 96/110 MP: 9/11
 11246 | Lair:1   | Reached skill level 10 in Dodging
 11839 | Lair:2   | Noticed a catoblepas
 11876 | Lair:2   | Killed a catoblepas
 12199 | Lair:2   | Noticed Urug
 12251 | Lair:2   | Killed Urug
 12251 | Lair:2   | Reached skill level 13 in Polearms
 12438 | Lair:2   | Got a faintly glowing trident
 12439 | Lair:2   | Identified the cursed +1 trident of the Hummingbird {drain, +Rage rN+++ Str+4 Dex-4} (You found it on level 2 of the Lair of Beasts)
 12537 | Lair:2   | Noticed a six-headed hydra
 12553 | Lair:2   | Killed a six-headed hydra
 13057 | Lair:2   | Received a gift from Trog
 13070 | Lair:2   | Noticed a five-headed hydra
 13076 | Lair:2   | Killed a five-headed hydra
 13305 | Lair:3   | Found a staircase to the Snake Pit.
 13446 | Lair:3   | Noticed a seven-headed hydra
 13463 | Lair:3   | Killed a seven-headed hydra
 13463 | Lair:3   | Reached XP level 13. HP: 101/118 MP: 5/12
 13914 | Lair:3   | Found a staircase to the Shoals.
 14021 | Lair:3   | Received a gift from Trog
 14211 | Lair:3   | Reached skill level 10 in Bows
 14382 | Lair:4   | Reached skill level 14 in Polearms
 14530 | Lair:4   | Noticed Rupert
 14542 | Lair:4   | Killed Rupert
 14784 | Lair:4   | Received a gift from Trog
 15059 | Lair:4   | Noticed Sonja
 15734 | Lair:5   | Received a gift from Trog
 16170 | Lair:5   | Reached ****** piety under Trog
 16493 | Lair:5   | Found a glowing golden altar of the Shining One.
 16635 | Lair:5   | Noticed a fire dragon
 16656 | Lair:5   | Killed a fire dragon
 17228 | Lair:5   | Found a staircase to the Slime Pits.
 17347 | Lair:6   | Entered Level 6 of the Lair of Beasts
 17370 | Lair:6   | Reached skill level 15 in Polearms
 17417 | Lair:6   | Received a gift from Trog
 17499 | Lair:6   | Found a labyrinth entrance.
 17508 | Lab      | Entered a labyrinth
 18062 | Lab      | Noticed a minotaur
 18083 | Lab      | Killed a minotaur
 18086 | Lab      | Got a dazzling trident {venom}
 18379 | Lab      | Identified the +6 trident "Cozat" {venom, +Rage Int+3} (You took it off a minotaur in a labyrinth)
 18451 | Lair:6   | Identified a scroll of acquirement
 18674 | Lair:6   | Reached XP level 14. HP: 127/127 MP: 13/13
 19665 | Lair:3   | Received a gift from Trog
 19924 | D:11     | Noticed Nergalle
 19935 | D:11     | Killed Nergalle
 20023 | D:11     | Received a gift from Trog
 20030 | D:11     | Noticed Snorg
 20034 | D:11     | Killed Snorg
 20183 | D:11     | Noticed nikopol's ghost (journeyman HOBe)
 20194 | D:11     | Killed nikopol's ghost
 20389 | D:11     | Noticed Grum
 20390 | D:11     | Killed Grum
 20390 | D:11     | Received a gift from Trog
 20484 | D:11     | Found a staircase to the Orcish Mines.
 20632 | Orc:1    | Entered Level 1 of the Orcish Mines
 20632 | Orc:1    | Found Rextet's Gadget Boutique.
 20669 | Orc:1    | Found Zuschar's Gadget Shop.
 20687 | Orc:1    | Paralysed by an orc sorcerer for 2 turns
 20701 | Orc:1    | Paralysed by an orc sorcerer for 3 turns
 20823 | Orc:1    | Found Caifayr's Magic Scroll Shoppe.
 20838 | Orc:1    | Bought a scroll of identify for 26 gold pieces
 20878 | Orc:1    | Found Serihesu's Magic Scroll Shoppe.
 20896 | Orc:1    | Found Zitzukau's Magic Scroll Emporium.
 21019 | Orc:1    | Received a gift from Trog
 21025 | Orc:1    | Reached skill level 16 in Polearms
 21042 | Orc:1    | Found a roughly hewn altar of Beogh.
 21183 | Orc:2    | Entered Level 2 of the Orcish Mines
 21650 | Orc:2    | Paralysed by an orc sorcerer for 5 turns
 21789 | Orc:2    | Reached XP level 15. HP: 137/137 MP: 14/14
 21969 | Orc:2    | Found Jousseuv's Jewellery Shoppe.
 21969 | Orc:2    | Found Ticzyap's Jewellery Shoppe.
 21971 | Orc:2    | Found Koirghiph's Antique Armour Boutique.
 21971 | Orc:2    | Found Paehair's Book Boutique.
 22138 | Orc:2    | Bought an ichor-stained cloak for 285 gold pieces
 22138 | Orc:2    | Bought an emerald-encrusted chain mail for 285 gold pieces
 22149 | Orc:2    | Identified the cursed +0 cloak of Benevolence {-Tele Str+6 Int+10} (You bought it in a shop on level 2 of the Orcish Mines)
 22218 | Orc:2    | Identified the +4 chain mail of the Beggar {MR++ Dex+2 SInv} (You bought it in a shop on level 2 of the Orcish Mines)
 22347 | Orc:2    | Found a staircase to the Elven Halls.
 22370 | Orc:2    | Received a gift from Trog
 22882 | D:12     | Noticed Erolcha
 22888 | D:12     | Killed Erolcha
 22918 | D:12     | Noticed Frances
 22930 | D:12     | Killed Frances
 23600 | D:13     | Received a gift from Trog
 24549 | D:13     | Received a gift from Trog
 24624 | D:13     | Found a gate to the Vaults.
 24628 | D:13     | Reached skill level 17 in Polearms
 24635 | D:13     | Received a gift from Trog
 25058 | D:14     | Received a gift from Trog
 25814 | D:15     | Entered Level 15 of the Dungeon
 25830 | D:15     | Found a shattered altar of Ashenzari.
 26228 | D:15     | Found Qijess's Assorted Antiques.
 26313 | D:15     | Found Lini Ara's Antique Weapon Emporium.
 26321 | D:15     | Bought a bloodstained shortbow for 248 gold pieces
 26326 | D:15     | Identified the +5 shortbow of Kiefaaq {flame, rN+ Dex+4} (You bought it in a shop on level 15 of the Dungeon)
 26339 | D:15     | Reached XP level 16. HP: 147/147 MP: 15/15
 26380 | D:15     | Received a gift from Trog
 26472 | D:15     | Found a stormy altar of Qazlal.
 26535 | D:15     | Found Pumuv's Jewellery Boutique.
 26731 | D:15     | Found a staircase to the Depths.
 26976 | Snake:1  | Entered Level 1 of the Snake Pit
 27486 | Snake:1  | Reached skill level 15 in Bows
 27903 | Snake:1  | Received a gift from Trog
 27911 | Snake:1  | Reached skill level 18 in Polearms
 28173 | Snake:2  | Found Gila's Antique Weapon Boutique.
 28174 | Snake:2  | Found Bitaun's General Store.
 28174 | Snake:2  | Found Payl's Antique Armour Boutique.
 28179 | Snake:2  | Found Dazobox's Jewellery Shop.
 28283 | Snake:2  | Received a gift from Trog
 28303 | Snake:2  | Reached skill level 15 in Fighting
 29102 | Snake:2  | You are sucked into a shaft!
 29123 | Snake:3  | Received a gift from Trog
 29612 | Snake:3  | Reached skill level 15 in Armour
 29674 | Snake:3  | Received a gift from Trog
 30084 | Snake:3  | Found Qihie's General Store.
 30110 | Snake:3  | Reached XP level 17. HP: 156/156 MP: 16/16
 30124 | Snake:4  | Entered Level 4 of the Snake Pit
 30152 | Snake:4  | Noticed Louise
 30175 | Snake:4  | Killed Louise
 30331 | Snake:4  | Noticed Bai Suzhen
 30349 | Snake:4  | Killed Bai Suzhen
 30463 | Snake:4  | Noticed Roxanne
 30506 | Snake:4  | Killed Roxanne
 30518 | Snake:4  | Gained mutation: You are surrounded by a mild repulsion field. (EV +2) [potion of beneficial mutation]
 30523 | Snake:4  | Reached skill level 19 in Polearms
 30523 | Snake:4  | Reached XP level 18. HP: 165/165 MP: 17/17
 30964 | Snake:4  | Received a gift from Trog
 31317 | Snake:4  | Received a gift from Trog
 31881 | Snake:4  | Got a serpentine rune of Zot
 32187 | Snake:4  | Received a gift from Trog
 32491 | Snake:4  | Reached skill level 20 in Polearms
 33016 | Shoals:1 | Entered Level 1 of the Shoals
 33042 | Shoals:1 | Reached XP level 19. HP: 150/173 MP: 18/18
 33398 | Shoals:1 | Reached skill level 15 in Dodging
 33602 | Shoals:1 | Got a fine cloak
 33613 | Shoals:1 | Identified the +2 cloak "Wyraruun" {-Tele *Slow +Fly rPois Str+4} (You found it on level 1 of the Shoals)
 34145 | Shoals:1 | Received a gift from Trog
 34326 | Shoals:1 | Got a pitted large shield
 34335 | Shoals:1 | Identified the -2 large shield of the Tick {+Fly} (You found it on level 1 of the Shoals)
 34630 | Shoals:2 | Found a frozen archway.
 34649 | IceCv    | Entered an ice cave
 34659 | IceCv    | Received a gift from Trog
 34998 | IceCv    | Received a gift from Trog
 37323 | Shoals:4 | Entered Level 4 of the Shoals
 37587 | Shoals:3 | Received a gift from Trog
 38095 | Shoals:4 | Reached skill level 21 in Polearms
 38351 | Shoals:4 | Found Nukiw's Antique Weapon Emporium.
 38584 | Shoals:4 | Found Awad's Weapon Shoppe.
 38809 | Shoals:4 | Received a gift from Trog
 39165 | Shoals:4 | Noticed Ilsuiw
 39321 | Shoals:4 | Killed Ilsuiw
 39321 | Shoals:4 | Reached XP level 20. HP: 184/184 MP: 19/19
 39911 | Shoals:4 | Got a barnacled rune of Zot
 40513 | Elf:1    | Entered Level 1 of the Elven Halls
 40520 | Elf:1    | Found a portal to a secret trove of treasure.
 41382 | Elf:1    | Received a gift from Trog
 42157 | Elf:2    | Found a runed gate.
 42179 | Elf:2    | Found a runed gate.
 42179 | Elf:2    | Found a runed gate.
 42202 | Elf:2    | Received a gift from Trog
 42505 | Elf:2    | Found Jekeoss's Elven Fire.
 42537 | Elf:2    | Reached skill level 22 in Polearms
 42979 | Elf:2    | Received a gift from Trog
 43535 | Elf:3    | Entered Level 3 of the Elven Halls
 44035 | Elf:3    | Received a gift from Trog
 44237 | Elf:3    | Reached XP level 21. HP: 124/194 MP: 20/20
 45154 | Elf:3    | Reached skill level 23 in Polearms
 45284 | Elf:3    | Got a wavering golden ring
 45294 | Elf:3    | Got a distressingly furry crystal plate armour
 45295 | Elf:3    | Identified the +1 crystal plate armour of the Doldrums {Str-3 Dex+7 SInv} (You took it off a deep elf master archer on level 3 of the Elven Halls)
 45302 | Elf:3    | Got a dazzling lajatang {slice}
 45303 | Elf:3    | Identified the +4 lajatang of Makhleb's Envy {slice, Str+7 Int+4} (You took it off a deep elf death mage on level 3 of the Elven Halls)
 45336 | Elf:3    | Received a gift from Trog
 45356 | Elf:3    | Identified the ring of the Prince of Darkness {+Fly rElec rF- rN+ Int+8} (You took it off a deep elf death mage on level 3 of the Elven Halls)
 45946 | Elf:3    | Got an ichor-stained shortbow
 45949 | Elf:3    | Identified the +7 shortbow of a ziggurat {freeze, Fragile MR+ Int+3} (You found it on level 3 of the Elven Halls)
 45957 | Elf:3    | Got a translucent cloak
 45958 | Elf:3    | Identified the +1 cloak of Atauwaj {rPois rC+++ Str-3 Slay-5} (You found it on level 3 of the Elven Halls)
 46265 | Vaults:1 | Entered Level 1 of the Vaults
 46568 | Vaults:1 | Found Xemiusk's Jewellery Emporium.
 46585 | Vaults:1 | Received a gift from Trog
 47403 | Vaults:1 | Received a gift from Trog
 48016 | Vaults:2 | Found a flickering gateway to a bazaar.
 48031 | Bazaar   | Entered a bazaar
 48033 | Bazaar   | Found Tobavaem's Antique Weapon Boutique.
 48037 | Bazaar   | Found Inyat's Distillery.
 48037 | Bazaar   | Found Atipus's Armour Boutique.
 48038 | Bazaar   | Found Bioc's Magic Scroll Boutique.
 48408 | Vaults:2 | Received a gift from Trog
 48409 | Vaults:2 | Reached XP level 22. HP: 204/204 MP: 21/21
 48720 | Vaults:2 | Reached skill level 24 in Polearms
 49095 | Vaults:2 | Received a gift from Trog
 49970 | Vaults:3 | Found Fuyh Lavye's Food Shop.
 50219 | Vaults:3 | Received a gift from Trog
 50278 | Vaults:3 | Received a gift from Trog
 50842 | Vaults:3 | Found a staircase to the Crypt.
 51333 | Vaults:3 | Received a gift from Trog
 51716 | Vaults:3 | Reached XP level 23. HP: 192/213 MP: 22/22
 52122 | Vaults:4 | Reached skill level 25 in Polearms
 52192 | Vaults:4 | Received a gift from Trog
 52788 | Vaults:4 | Found Sacav's Jewellery Shop.
 53623 | Vaults:5 | Entered Level 5 of the Vaults
 53748 | Vaults:5 | Received a gift from Trog
 53795 | Vaults:5 | HP: 9/322 [golden dragon (9)]
 53797 | Vaults:5 | HP: 1/322 [golden dragon (9)]
 53799 | Vaults:5 | Killed from afar by a golden dragon

Skill      XL: |  1  2  3  4  5  6  7  8  9 10 11 12 13 14 15 16 17 18 19 20 21 22 23 |
---------------+----------------------------------------------------------------------+-----
Polearms       | 4 5 6 7 9 10 12 13 15 16 17 18 19 20 21 22 23 24 25 | 25.4
Fighting       | 4 5 6 7 9 10 11 12 13 14 15 16 17 18 19 20 | 20.0
Armour         | 3 4 5 6 7 9 10 11 12 13 14 15 16 17 18 19 | 19.9
Dodging        | 3 4 5 6 8 9 10 11 12 13 14 15 16 17 18 | 18.4
Bows           | 5 7 9 11 13 14 15 16 17 18 19 | 19.9

Action                   |  1- 3 |  4- 6 |  7- 9 | 10-12 | 13-15 | 16-18 | 19-21 | 22-24 || total
-------------------------+-------+-------+-------+-------+-------+-------+-------+-------++-------
Melee: Spear             |    84 |   106 |   312 |   107 |       |       |       |       ||   609
       Headbutt          |    10 |    17 |    60 |   110 |   257 |   117 |   338 |   243 ||  1152
       Trident           |       |       |       |   587 |   869 |   498 |   311 |       ||  2265
       Glaive            |       |       |       |       |       |       |  1222 |   750 ||  1972
 Fire: Shortbow          |       |       |       |   134 |     4 |   945 |  1220 |   445 ||  2748
       Longbow           |       |       |       |   126 |   745 |       |       |       ||   871
Invok: Berserk           |     1 |     2 |     4 |     6 |     8 |     5 |     4 |     3 ||    33
       Burn Spellbooks   |       |       |     3 |     2 |     6 |     3 |     6 |     1 ||    21
       Brothers in Arms  |       |       |       |     1 |     1 |     1 |     3 |     1 ||     7
  Use: Scroll            |       |       |     1 |    18 |    24 |       |    12 |       ||    55
       Potion            |       |       |       |       |       |     3 |       |       ||     3
 Stab: Sleeping          |     1 |       |       |       |       |       |       |       ||     1
       Petrified         |       |       |       |       |     1 |       |       |       ||     1
       Distracted        |       |       |       |       |       |       |     1 |       ||     1
  Eat: Chunk             |     2 |     7 |    14 |    28 |    45 |    23 |    46 |    19 ||   184
       Fruit             |       |       |     1 |       |       |       |       |       ||     1
       Pizza             |       |       |       |       |     1 |     1 |     4 |       ||     6
       Royal jelly       |       |       |       |       |     1 |       |       |       ||     1
Armor: Animal skin       |     8 |       |       |       |       |       |       |       ||     8
       Scale mail        |     7 |    15 |    47 |       |       |       |       |       ||    69
       Ring mail         |       |       |    10 |    26 |       |       |       |       ||    36
       Leather armour    |       |       |     8 |       |       |       |       |       ||     8
       Chain mail        |       |       |       |   292 |   342 |   226 |   466 |   164 ||  1490
Dodge: Dodged            |    29 |    36 |   125 |   579 |   474 |   473 |  1066 |   477 ||  3259
